[Event "Early-Titled-Tuesday-Blitz-April-23-2024"]
[Site "Chess.com"]
[Date "2024.04.23"]
[Round "5"]
[White "biostatistician"]
[Black "manmanlai1"]
[Result "1-0"]
[WhiteElo "2747"]
[BlackElo "2523"]
[TimeControl "180+1"]
[EndTime "8:58:19 PDT"]
[Termination "biostatistician won on time"]

1. d4 Nf6 2. Nf3 g6 3. c4 Bg7 4. Nc3 d5 5. cxd5 Nxd5 6. e4 Nxc3 7. bxc3 c5 8. Be3 O-O 9. Be2 Nc6 10. O-O Qc7 11.
Rc1 Rd8 12. d5 Na5 13. c4 b6 14. Qd2 Ba6 15. Bf4 Qd7 16. Rfd1 Qa4 17. Qc2 Qxc2 18. Rxc2 Rac8 19. h4 Nb7 20. e5 Na5 21. Kf1 Rb8 22. Rb1 h6 23. e6 fxe6 24. Bxb8 Rxb8 25.
dxe6 Bc8 26. Bd3 Bxe6 27. Re1 Bf7 28. Rxe7 Nc6 29. Rd7 Nb4 30. Rc1 Nxa2 31. Re1 Nb4 32. Ree7 Rf8 33. Bxg6 Bxc4+ 34. Kg1 Bf6 35. Re8 Rxe8 36.
Bxe8 a5 37. g4 Bb5 38. Rd6 Be7 39. Re6 Bxe8 40. Rxe7 Kf8 41. Ra7 a4 42. g5 hxg5 43.
hxg5 b5 44. Ne5 Nd5 45. g6 b4 46. g7+ Kg8 47. Ng4 Bf7 48. Nh6+ Kxg7 49. Nxf7 a3 50.
Ne5+ Kh6 51. Nc4 Nc3 52. Nxa3 bxa3 53. Rxa3 1-0

[Event "Early-Titled-Tuesday-Blitz-April-23-2024"]
[Site "Chess.com"]
[Date "2024.04.23"]
[Round "5"]
[White "The_Machine04"]
[Black "Shankland"]
[Result "0-1"]
[WhiteElo "2752"]
[BlackElo "3055"]
[TimeControl "180+1"]
[EndTime "8:58:20 PDT"]
[Termination "Shankland won by resignation"]

1. d4 e6 2. Nf3 c5 3. e3 b6 4. Nbd2 Bb7 5. Bd3 Nf6 6. O-O cxd4 7. exd4 d6 8. c3 Nbd7 9. Re1 g6 10. Qe2 Bg7 11.
a4 a6 12. Nc4 Qc7 13. Bf4 Bf8 14.
h3 Be7 15. Bg3 O-O 16. Ne3 Rfe8 17. Ng4 Bf8 18. Nxf6+ Nxf6 19. Nd2 Nh5 20. Bh2 Bh6 21. Ne4 Bxe4 22. Bxe4 Ra7 23. Bf3 Nf4 24. Qf1 e5 25.
dxe5 dxe5 26. Rad1 f5 27. Bxf4 Bxf4 28. Bd5+ Kh8 29.
Qc4 e4 30. Qxc7 Rxc7 31. g3 Be5 32. Kg2 Kg7 33. h4 Kf6 34. f3 exf3+ 35. Bxf3 Rce7 36.
Re2 h5 37. Rde1 Rd8 38. Re3 Rd6 39. Rd1 Red7 40. Rxd6+ Rxd6 41. Re2 Rd3 42. Rc2 a5 43.
Rf2 Bd6 44. Rc2 Kg7 45. Re2 Kh6 46. Rc2 f4 47. gxf4 Bxf4 48. Re2 Bc7 49. Re6 Rd2+ 50. Re2 Rd6 51. Be4 Bd8 52. Bc2 Bxh4 53. Kh3 Bg5 54. Bb3 Rd3+ 55. Kg2 Rd2 56. Rxd2 Bxd2 57. Bd5 Bc1 58.
b3 Bd2 59. c4 Kg5 60. Bf7 Kf6 61. Be8 Bb4 62. Kh3 Kg7 63. Kh4 Kh6 64. Kh3 g5 65. Bd7 g4+ 66. Kg2 Kg5 67. Kg3 h4+ 68. Kg2 h3+ 69.
Kh1 Kh4 70. Bc6 g3 71. Bd5 g2+ 72. Bxg2 hxg2+ 73. Kxg2 Kg4 74. Kf1 Kf4 75. Ke2 Ke4 76. Kd1 Kd3 77. Kc1 Kc3 78. c5 Bxc5 0-1

[Event "Early-Titled-Tuesday-Blitz-April-23-2024"]
[Site "Chess.com"]
[Date "2024.04.23"]
[Round "5"]
[White "Mikhail_Bryakin"]
[Black "Smiechu"]
[Result "1-0"]
[WhiteElo "2854"]
[BlackElo "2469"]
[TimeControl "180+1"]
[EndTime "8:58:20 PDT"]
[Termination "Mikhail_Bryakin won by checkmate"]

1. c4 Nf6 2. g3 c5 3. Bg2 Nc6 4. Nc3 g6 5. Nf3 Bg7 6. O-O O-O 7. e3 d6 8. d4 cxd4 9. exd4 e5 10. d5 Ne7 11.
Nd2 a6 12. a4 Nd7 13. a5 f5 14. Nb3 e4 15. Be3 Ne5 16. Qe2 h6 17. c5 g5 18.
Bd4 dxc5 19. Bxc5 Kh8 20. d6 N7g6 21. d7 Bxd7 22. Bxf8 Qxf8 23. Rfd1 Bc6 24. Nd4 Nd3 25. Nxc6 bxc6 26. Nxe4 fxe4 27. Qxe4 Qxf2+ 28. Kh1 Ndf4 29. gxf4 Nxf4 30. Qxc6 Rb8 31. Rab1 Qh4 32. Rd7 Nxg2 33. Rxg7 Kxg7 34. Qc7+ Kg6 35. Qd6+ Kh5 36. Qd1+ Qg4 37. Qxg4+ Kxg4 38. Kxg2 Rb3 39. Kg1 h5 40. Kh1 h4 41.
Kg1 Kh3 42. Kh1 g4 43. Kg1 Rd3 44. b4 Rd2 45. b5 Rg2+ 46. Kf1 axb5 47. Ra1 Rxh2 48.
Ra3+ g3 49. a6 Rh1+ 50. Ke2 Rh2+ 51. Kf1 b4 52. a7 bxa3 53. a8=Q Rf2+ 54. Kg1 a2 55. Qc8+ Rf5 56. Qxf5# 1-0

[Event "Early-Titled-Tuesday-Blitz-April-23-2024"]
[Site "Chess.com"]
[Date "2024.04.23"]
[Round "5"]
[White "pasteta13"]
[Black "Bada_norovsambuu"]
[Result "1-0"]
[WhiteElo "2426"]
[BlackElo "2214"]
[TimeControl "180+1"]
[EndTime "8:58:20 PDT"]
[Termination "pasteta13 won by resignation"]

1. e4 c6 2. Nf3 d5 3. exd5 cxd5 4.
d4 Nc6 5. c4 Nf6 6. Nc3 Bg4 7.
cxd5 Nxd5 8. Bb5 e6 9. h3 Bh5 10. g4 Bg6 11. Ne5 Rc8 12. Qa4 Nxc3 13. bxc3 Qc7 14.
Qxa7 Bd6 15. Nxc6 bxc6 16. Qxc7 Rxc7 17. Ba4 Be4 18. O-O O-O 19. Bb3 c5 20. Ba3 Ra8 21. dxc5 Bxc5 22. Bxc5 Rxc5 23. c4 Bd3 24. Rfc1 Rac8 25.
Rc3 Be4 26. f3 Bb7 27. Kf2 Kf8 28. Ke3 Ke7 29. Rac1 Re5+ 30. Kf2 Rec5 31. Bd1 Ra8 32. Bb3 Bc6 33. f4 h5 34. Ke3 h4 35. Rd1 f6 36.
Rcd3 Bg2 37. Kf2 Bc6 38. Ke3 Bg2 39. Rd7+ Kf8 40. Kf2 Bxh3 41. Rh1 Bxg4 42. Rxh4 Kg8 43. Rxg4 e5 44. Rgxg7+ Kh8 45. Rh7+ Kg8 46. f5 Rac8 47. Rdg7+ Kf8 48. Ra7 Kg8 49. Kg3 Rd8 50. Rhd7 Re8 51. Kh4 e4 52. Kg4 Rce5 53. Rd2 e3 54. Re2 Re4+ 55.
Kf3 R8e5 56. c5+ Kf8 57. Be6 Ke8 58. Ra8+ Ke7 59. Ra3 Kd8 60. Raxe3 Rxe3+ 61. Rxe3 Rxf5+ 62. Bxf5 1-0

[Event "Early-Titled-Tuesday-Blitz-April-23-2024"]
[Site "Chess.com"]
[Date "2024.04.23"]
[Round "5"]
[White "kuli4ik"]
[Black "profedechess93"]
[Result "1-0"]
[WhiteElo "2879"]
[BlackElo "2673"]
[TimeControl "180+1"]
[EndTime "8:58:21 PDT"]
[Termination "kuli4ik won by resignation"]

1. e4 e6 2. d3 d5 3. Nd2 Nf6 4. g3 b6 5. Bg2 Bb7 6. Qe2 c5 7. Ngf3 Nc6 8. O-O Be7 9. Re1 Qc7 10. e5 Nd7 11. h4 h6 12. h5 O-O-O 13. Nf1 Rdg8 14.
c3 g5 15. hxg6 fxg6 16. d4 g5 17. Be3 g4 18. N3d2 h5 19. Rec1 Kb8 20. Qd3 c4 21. Qe2 h4 22. gxh4 Bxh4 23. Bf4 Bg5 24. Bg3 Ne7 25. Ne3 Bxe3 26. Qxe3 Nf5 27. Qe2 Nxg3 28. fxg3 Qd8 29. Rf1 Rh7 30. Rf4 Qg5 31. Raf1 Qh6 32. R1f2 Rhg7 33. Nf1 a6 34. Qe3 Ka7 35. Rf7 Qh7 36.
Rxg7 Qxg7 37. Qe2 b5 38. a3 Bc6 39. Ne3 Qg5 40. Rf4 Rh8 41. Qxg4 Qh6 42. Kf2 Nb6 43. Rf6 Rf8 44. Qxe6 Rxf6+ 45. Qxf6 Qxf6+ 46. exf6 Kb7 47. f7 Nd7 48. Bxd5 Nf8 49. g4 Kc7 50. g5 Bd7 51.
Be4 Kd6 52. g6 1-0

[Event "Early-Titled-Tuesday-Blitz-April-23-2024"]
[Site "Chess.com"]
[Date "2024.04.23"]
[Round "5"]
[White "Msb2"]
[Black "Shtembuliak"]
[Result "0-1"]
[WhiteElo "3064"]
[BlackElo "2873"]
[TimeControl "180+1"]
[EndTime "8:58:23 PDT"]
[Termination "Shtembuliak won by checkmate"]

1. d4 Nf6 2. c4 d6 3. Nf3 g6 4. Nc3 Bf5 5. d5 Bg7 6. Nd4 Bd7 7. e4 e5 8. Nb3 a5 9. Be2 b6 10. Be3 Na6 11. Nd2 h5 12. h3 Bh6 13. Bxh6 Rxh6 14. a3 h4 15. Nf1 a4 16. Nxa4 Nxe4 17. b4 Qg5 18. Bf3 Qf4 19. Bxe4 Qxe4+ 20. Ne3 Qd4 21. b5 Nb8 22. Qc1 Rxa4 23. O-O Rh5 24. Ra2 Bc8 25. Kh1 Nd7 26. f4 Nc5 27. fxe5 Rxe5 28. Nc2 Qxc4 29. Ra1 Qxd5 30. Qh6 Bb7 31. Ne3 Qe6 32. Rae1 Rae4 33. Rf3 Nd3 34. Re2 Rd4 35. Qh8+ Ke7 36. Qb8 Bxf3 37. Qxc7+ Qd7 38. Qxb6 Bxe2 39. Qxd4 Qe6 40. b6 Rb5 41. a4 Rb1+ 42. Kh2 Qe5+ 43. Qxe5+ dxe5 44. a5 Nf2 45. g3 Bf3 46. gxh4 Ne4 47. Ng2 Rb2 48. Kg1 Rxg2+ 49. Kf1 Re2 50. b7 Ng3+ 51. Kg1 Rg2# 0-1

[Event "Early-Titled-Tuesday-Blitz-April-23-2024"]
[Site "Chess.com"]
[Date "2024.04.23"]
[Round "5"]
[White "KnightDuta"]
[Black "szachuspl"]
[Result "0-1"]
[WhiteElo "2744"]
[BlackElo "2542"]
[TimeControl "180+1"]
[EndTime "8:58:23 PDT"]
[Termination "szachuspl won by checkmate"]

1. e4 g6 2. d4 Bg7 3. Nc3 d6 4. Bf4 a6 5. Qd2 b5 6. f3 Bb7 7. O-O-O Nd7 8. h4 h6 9. h5 g5 10. Be3 c5 11. dxc5 Nxc5 12. Nge2 Rc8 13. Nd4 e6 14.
Kb1 Ne7 15. Nb3 Nxb3 16. axb3 d5 17. exd5 Nxd5 18. Nxd5 Qxd5 19. Qxd5 Bxd5 20. c4 bxc4 21.
bxc4 Bc6 22. Kc2 O-O 23. Be2 Rb8 24. b3 a5 25. Bc5 Rfc8 26. Ba3 Bf8 27. Bxf8 Kxf8 28.
Ra1 a4 29. bxa4 Ke7 30. Kc3 Kd6 31. a5 Kc5 32. a6 Ra8 33. Ra5+ Kb6 34. c5+ Kxa5 35.
Ra1+ Ba4 36. Kc4 Rd8 37. Bd3 Rxd3 38. Kxd3 Rxa6 39. Kc4 Ra8 40. Rb1 Ka6 41. Ra1 Kb7 42. Rb1+ Kc7 43. Ra1 Bc6 44. Rb1 Bd5+ 45. Kd4 f6 46. g3 Ra4+ 47. Kc3 Ra3+ 48. Kb4 Rxf3 49. Ra1 Rb3+ 50. Ka4 Rxg3 51. Rf1 f5 52. Kb5 Rb3+ 53.
Ka5 Kc6 54. Rc1 g4 55. Ka6 Ra3# 0-1

[Event "Early-Titled-Tuesday-Blitz-April-23-2024"]
[Site "Chess.com"]
[Date "2024.04.23"]
[Round "5"]
[White "Aryan_Tamadon"]
[Black "Masterbeaterr"]
[Result "1-0"]
[WhiteElo "2634"]
[BlackElo "2479"]
[TimeControl "180+1"]
[EndTime "8:58:23 PDT"]
[Termination "Aryan_Tamadon won by resignation"]

1. Nf3 d5 2. d4 Nf6 3. c4 dxc4 4. e3 e6 5. Bxc4 c5 6. O-O Nc6 7. a3 cxd4 8. exd4 Be7 9. Nc3 O-O 10. Be3 Na5 11.
Ba2 b6 12. b4 Nb7 13. d5 exd5 14. Nxd5 Nxd5 15. Bxd5 Bf6 16. Rc1 Qe7 17. Bf4 Rd8 18. Re1 Qf8 19. Bc7 Be6 20. Bxd8 Rxd8 21. Rxe6 fxe6 22.
Bxe6+ Kh8 23. Qa4 Qd6 24. Bb3 a5 25. g3 g5 26. Qc6 Qxc6 27. Rxc6 Rd6 28. Rc8+ Rd8 29.
Rc7 Nd6 30. Bc2 Rc8 31. Rxh7+ Kg8 32. Bg6 axb4 33. axb4 Rc4 34. Rd7 Rc1+ 35. Kg2 Nc4 36. Bf7+ Kf8 37. Bxc4 Rxc4 38. Rd6 Kg7 39. Rxb6 g4 40.
Nd2 Rc2 41. Ne4 Bd4 42. Rd6 Be5 43. Rd5 Bc7 44. b5 Kf7 45. Rc5 Rxc5 46. Nxc5 Ke7 47.
f3 gxf3+ 48. Kxf3 Bb6 49. Ne4 Ke6 50. h4 Kf5 51. g4+ Ke5 52. h5 Bd4 53. g5 Kf5 54. g6 Ke6 55. Kg4 Ke7 56. h6 Kf8 57. Kf5 Kg8 58.
Ke6 Kh8 59. h7 Kg7 60. Nd6 Kh8 61. Nf7+ Kg7 62. h8=Q+ Kxg6 1-0

[Event "Early-Titled-Tuesday-Blitz-April-23-2024"]
[Site "Chess.com"]
[Date "2024.04.23"]
[Round "5"]
[White "JoliyRoger"]
[Black "TacticalSam94"]
[Result "1-0"]
[WhiteElo "2415"]
[BlackElo "2210"]
[TimeControl "180+1"]
[EndTime "8:58:23 PDT"]
[Termination "JoliyRoger won by checkmate"]

1. d4 Nf6 2. c4 e6 3. Nc3 Bb4 4.
a3 Bxc3+ 5. bxc3 O-O 6. f3 d6 7. e4 Nc6 8. Be3 e5 9. Ne2 b6 10. Nc1 Ba6 11. Nb3 Qe7 12. Be2 Nh5 13. O-O Nf4 14.
Bxf4 exf4 15. a4 f5 16. exf5 Rxf5 17. Bd3 Rff8 18. a5 Qf7 19. axb6 axb6 20. Qe2 Rfe8 21.
Qc2 Bxc4 22. Rxa8 Rxa8 23. Bxh7+ Kf8 24. Rb1 Na5 25. Nd2 Be6 26. Bg6 Qf6 27. Bd3 Nc4 28.
Nxc4 Qf7 29. Bg6 Qf6 30. Nb2 Ra2 31. Bd3 Qf7 32. Re1 Bb3 33. Qe2 b5 34. h3 g6 35. Kh2 Kg7 36. Bb1 Qf6 37. Bxa2 Bxa2 38. Qe7+ Bf7 39. Qxf6+ Kxf6 40. Nd3 g5 41. h4 gxh4 42.
Nxf4 Kg5 43. Ne6+ Kf6 44. Nxc7 b4 45. cxb4 h3 46. gxh3 d5 47. b5 Kg5 48. b6 Kf4 49. b7 Be6 50. b8=Q Bf5 51. Nxd5+ Kxf3 52. Qg3# 1-0

[Event "Early-Titled-Tuesday-Blitz-April-23-2024"]
[Site "Chess.com"]
[Date "2024.04.23"]
[Round "5"]
[White "blitzking1729"]
[Black "JeFumeDesClopes"]
[Result "1-0"]
[WhiteElo "2763"]
[BlackElo "2598"]
[TimeControl "180+1"]
[EndTime "8:58:24 PDT"]
[Termination "blitzking1729 won by resignation"]

1. Nf3 g6 2. c4 Bg7 3. Nc3 c5 4. e3 Nf6 5. d4 O-O 6. d5 e6 7.
e4 d6 8. Be2 Na6 9. O-O Nc7 10.
Bf4 e5 11. Bd2 Nh5 12. h3 Nf4 13. Re1 Nxe2+ 14. Qxe2 h6 15. a3 f5 16. b4 b6 17.
Reb1 g5 18. exf5 Bxf5 19. Ne4 Na6 20. Nh2 Qe7 21. Nf1 Bg6 22. Nfg3 Rad8 23. Re1 Qf7 24.
Qd1 Bf6 25. Qa4 Qb7 26. Rab1 cxb4 27. axb4 Nc7 28. b5 Be7 29. Ra1 Ra8 30. Bb4 Ne8 31. Qa3 Qc7 32. Rec1 h5 33. Qe3 h4 34. Nf1 Qd8 35. Nh2 Rf4 36. f3 Nf6 37. Nd2 Nxd5 38. cxd5 Rxb4 39. Qe2 Qd7 40. Rc6 Bf6 41. Ng4 Be7 42.
Rac1 Bd8 43. Nxe5 Qe8 44. Rxd6 Rb2 45. Rxg6+ Kh7 46. Re6 Qf8 47. Qd3+ Kg8 48. Qg6+ Kh8 49. Nf7+ 1-0

[Event "Early-Titled-Tuesday-Blitz-April-23-2024"]
[Site "Chess.com"]
[Date "2024.04.23"]
[Round "5"]
[White "AlexTruskavetsky"]
[Black "Ati1517"]
[Result "1-0"]
[WhiteElo "2679"]
[BlackElo "2253"]
[TimeControl "180+1"]
[EndTime "8:58:24 PDT"]
[Termination "AlexTruskavetsky won by checkmate"]

1. d4 Nf6 2. c4 g6 3. Nc3 Bg7 4.
e4 d6 5. f4 O-O 6. Nf3 c5 7.
d5 e6 8. Bd3 exd5 9. cxd5 Re8 10.
O-O c4 11. Bc2 Nbd7 12. Nd2 Nb6 13. a4 a5 14. Qe2 Bd7 15. Nxc4 Nxc4 16. Qxc4 Rc8 17.
Qd3 Qc7 18. Bd1 Qb6+ 19. Kh1 Bg4 20. Bc2 Bd7 21. Rb1 Ng4 22. Qe2 f5 23. h3 Nf6 24.
Be3 Qd8 25. exf5 gxf5 26. Qf3 Ne4 27. Nxe4 fxe4 28. Qf2 Qc7 29. Bb3 b5 30. f5 bxa4 31. f6 axb3 32. f7+ Kh8 33. fxe8=Q+ Rxe8 34. Bd4 Bb5 35. Rfe1 Bd3 36. Rbd1 Kg8 37. Rxd3 Rf8 38. Qe2 exd3 39.
Qxd3 Bxd4 40. Qxd4 Qc5 41. Qd3 a4 42. Ra1 Qb4 43.
Rc1 a3 44. bxa3 Qxa3 45. Re1 Qa4 46. Qg3+ Kh8 47. Qxd6 Rg8 48. Qf6+ Rg7 49. d6 Qc6 50. Re2 b2 51. Rxb2 Qc1+ 52. Kh2 Qc6 53. Rb8+ Qc8 54. Rxc8# 1-0

[Event "Early-Titled-Tuesday-Blitz-April-23-2024"]
[Site "Chess.com"]
[Date "2024.04.23"]
[Round "5"]
[White "DinaBelenkaya"]
[Black "Shahdad2007"]
[Result "1/2-1/2"]
[WhiteElo "2434"]
[BlackElo "2598"]
[TimeControl "180+1"]
[EndTime "8:58:26 PDT"]
[Termination "Game drawn by repetition"]

1. e4 c5 2. Nf3 e6 3. Nc3 Nc6 4.
g3 d5 5. d3 Nf6 6. e5 Nd7 7.
Qe2 Be7 8. Bg2 h6 9. h4 Rb8 10. O-O b5 11. a3 a5 12. h5 Ba6 13. Bf4 Qb6 14. Nh4 Bxh4 15. gxh4 Nd4 16. Qg4 Nf5 17. Nxd5 Qd8 18. Ne3 Qxh4 19. Qxh4 Nxh4 20. Be4 Bb7 21. f3 Ke7 22. Bg3 g5 23. Bxh4 gxh4 24.
Ng4 Rhg8 25. Kh2 Rg5 26. Rae1 Nxe5 27. Bxb7 Nxg4+ 28. fxg4 Rxb7 29. Rf4 c4 30. Ref1 f5 31. gxf5 exf5 32. Rxf5 Rxf5 33. Rxf5 cxd3 34. cxd3 Ke6 35. Rc5 Kd6 36. Rf5 Ke6 37. Rc5 a4 38. d4 Rd7 39.
Rxb5 Rxd4 40. Kh3 Kf6 41. Rb4 Rd1 42. Kxh4 Rh1+ 43. Kg4 Rg1+ 44. Kf4 Rf1+ 45. Ke3 Re1+ 46. Kd2 Re5 47. Rb6+ Kg7 48. Rb7+ Kf6 49. Rb6+ Kg7 50. Kc3 Rxh5 51. Rb4 Rc5+ 52. Kd4 Rc2 53. Kd3 Rg2 54. Ke3 h5 55. Kf3 Rc2 56. Kg3 Kg6 57. Rb6+ Kg5 58. Rb5+ Kg6 59. Rb6+ Kg5 60. Rb5+ Kg6 61. Rb6+ 1/2-1/2

[Event "Early-Titled-Tuesday-Blitz-April-23-2024"]
[Site "Chess.com"]
[Date "2024.04.23"]
[Round "5"]
[White "vladgoncharov"]
[Black "chesslh93"]
[Result "1-0"]
[WhiteElo "2595"]
[BlackElo "2383"]
[TimeControl "180+1"]
[EndTime "8:58:26 PDT"]
[Termination "vladgoncharov won by checkmate"]

1. d4 d5 2. c4 dxc4 3. Nf3 Nf6 4.
e3 e6 5. Bxc4 c5 6. O-O a6 7.
Qe2 Nc6 8. Rd1 cxd4 9. exd4 Be7 10. Nc3 Nb4 11. Bg5 O-O 12. Ne5 b5 13. Bb3 Bb7 14.
Rac1 Nbd5 15. Nxd5 Nxd5 16. Bxe7 Qxe7 17. Qd2 Rac8 18.
Bxd5 Bxd5 19. a3 Qb7 20. f3 h6 21. Rc5 Rfd8 22. Rdc1 Rxc5 23. dxc5 Qc7 24. Qe3 f6 25. Ng4 e5 26. Nf2 a5 27. b4 axb4 28. axb4 Bc4 29. Ne4 Rd3 30. Qf2 Qa7 31. c6 Qa3 32. Rb1 Qa4 33. h4 Rd1+ 34. Rxd1 Qxd1+ 35. Kh2 Be6 36. Qc5 f5 37. Nd6 e4 38. fxe4 fxe4 39. c7 e3 40. c8=Q+ Bxc8 41. Qxc8+ Kh7 42. Qf5+ Kg8 43. Qe6+ Kh7 44.
Nf5 e2 45. Qe7 Kg6 46. Nxg7 e1=Q 47. h5+ Kh7 48. Ne6+ Kg8 49. Qg7# 1-0

[Event "Early-Titled-Tuesday-Blitz-April-23-2024"]
[Site "Chess.com"]
[Date "2024.04.23"]
[Round "5"]
[White "Nf3c5"]
[Black "Byniolus"]
[Result "0-1"]
[WhiteElo "2654"]
[BlackElo "2841"]
[TimeControl "180+1"]
[EndTime "8:58:27 PDT"]
[Termination "Byniolus won on time"]

1. e4 d6 2. d4 Nf6 3. Nc3 c6 4.
Bg5 Qb6 5. Rb1 Nbd7 6. f4 h6 7. Bh4 e5 8. Nf3 exf4 9. Bc4 g5 10. Bf2 Ng4 11. Bg1 Bg7 12. Qd3 Qa5 13. h3 Ne3 14. Bxe3 fxe3 15. Qxe3 b5 16. Bb3 b4 17. Ne2 Ba6 18.
Ng3 O-O-O 19. Kf2 c5 20. Bxf7 cxd4 21. Qd2 Ne5 22. Be6+ Kb8 23. Nf5 Bf6 24. a3 Qb6 25.
Qxb4 Rhe8 26. Qxb6+ axb6 27. Bd5 h5 28. Rhd1 Bb7 29.
Bxb7 Kxb7 30. N3xd4 Nc6 31. Nb5 Be5 32. Nbxd6+ Kc7 33. Nxe8+ Rxe8 34. Rd5 Bf6 35. Re1 Bxb2 36. a4 Ba3 37. c3 Bc5+ 38. Kf1 g4 39. hxg4 hxg4 40. g3 Ne5 41. Kg2 Nf3 42. Red1 Rxe4 43. Rd7+ Kc6 44. R7d2 Nxd2 45. Rxd2 Rxa4 46. Nd4+ Bxd4 47. cxd4 b5 48. Rc2+ Kb6 49. Rc8 Rxd4 50. Rb8+ Kc5 51. Rc8+ Kd5 52. Rd8+ Kc4 53. Rc8+ Kb3 54. Rc1 Rd2+ 0-1

[Event "Early-Titled-Tuesday-Blitz-April-23-2024"]
[Site "Chess.com"]
[Date "2024.04.23"]
[Round "5"]
[White "Herzog2012"]
[Black "HamedWafa4"]
[Result "0-1"]
[WhiteElo "2552"]
[BlackElo "2733"]
[TimeControl "180+1"]
[EndTime "8:58:27 PDT"]
[Termination "HamedWafa4 won by resignation"]

1. e4 c5 2. Nf3 a6 3. Nc3 Nc6 4. d4 cxd4 5. Nxd4 d6 6. Bc4 Nf6 7. Nxc6 bxc6 8. e5 Ng4 9. Bf4 g5 10. e6 d5 11. Nxd5 cxd5 12. Bxd5 Bxe6 13. Bc6+ Bd7 14.
Bxa8 Qxa8 15. Qd4 Rg8 16. O-O-O Bc6 17. Bc7 f5 18. Rhe1 Qc8 19. Qc4 Rg6 20. Rd8+ Qxd8 21. Bxd8 Kxd8 22. Re6 Rxe6 23. Qxe6 Bd7 24. Qf7 Bh6 25.
f3 Nf6 26. c4 g4+ 27. Kc2 gxf3 28. gxf3 Bf4 29. h4 Bg3 30. c5 Bxh4 31. Qf8+ Kc7 32. Qxe7 Bg3 33. b4 Nd5 34. Qxh7 Nxb4+ 35. Kb3 Nc6 36.
Kc4 a5 37. Kd5 Nb4+ 38. Kc4 Be5 39. Qe7 Nc6 40. Qf8 Bf4 41. Kd5 Nb4+ 42. Kc4 Be5 43. Qa8 Nc6 44. a4 Bc8 45. Kd5 Bb7 46. Qf8 Ne7+ 47.
Ke6 Nc6 48. Qf7+ Kb8 49. Kxf5 Bc7 50. Ke4 Nd8+ 51. Qd5 Bxd5+ 52. Kxd5 Kb7 53. Kc4 Kc6 54. Kd4 Ne6+ 55. Kc4 Nxc5 0-1

[Event "Early-Titled-Tuesday-Blitz-April-23-2024"]
[Site "Chess.com"]
[Date "2024.04.23"]
[Round "5"]
[White "ValentinDragnev"]
[Black "kecalk"]
[Result "1-0"]
[WhiteElo "2737"]
[BlackElo "2520"]
[TimeControl "180+1"]
[EndTime "8:58:29 PDT"]
[Termination "ValentinDragnev won on time"]

1. d4 d5 2. Nf3 Nf6 3. Bf4 c5 4. e3 Nc6 5. Nbd2 cxd4 6. exd4 Bf5 7. Bb5 Qb6 8. c4 dxc4 9. a4 Bd3 10. Ne5 e6 11.
Ndxc4 Bxc4 12. Nxc4 Bb4+ 13. Bd2 Bxd2+ 14. Qxd2 Qc7 15.
Qb4 O-O-O 16. Bxc6 Qxc6 17. O-O Rxd4 18. Rac1 Kb8 19. Qc3 Rg4 20. Qe5+ Ka8 21. Ne3 Re4 22. Qg5 Qe8 23. Qxg7 Nd5 24. Nc4 Rg8 25. Nd6 Qb8 26. Qxf7 Rf4 27. Qxe6 Rf6 28. Qxd5 Rxd6 29. Qe4 Rdg6 30. g3 Re8 31. Qh4 Rg7 32. Rfe1 a6 33.
Qh5 Rxe1+ 34. Rxe1 Qd6 35. Qe8+ Ka7 36. Qe3+ b6 37. a5 Rb7 38. axb6+ Rxb6 39. Rc1 Qd7 40. Qe4 Rb7 41. Qe3+ Kb8 42. h4 Ka8 43. Qf4 Ka7 44.
Qe3+ Kb8 45. Qh6 Ka7 46. Ra1 Rb6 47. Qe3 Qb7 48. b4 Kb8 49. Qf4+ Ka7 50. Rb1 Rc6 51. Qd4+ Kb8 52. Qf4+ Ka7 53. Ra1 Qb5 54. Qd4+ Rb6 55. Re1 1-0

[Event "Early-Titled-Tuesday-Blitz-April-23-2024"]
[Site "Chess.com"]
[Date "2024.04.23"]
[Round "5"]
[White "jk13"]
[Black "eagleclaw07"]
[Result "1-0"]
[WhiteElo "2690"]
[BlackElo "2870"]
[TimeControl "180+1"]
[EndTime "8:58:30 PDT"]
[Termination "jk13 won by resignation"]

1. e4 Nf6 2. e5 Nd5 3. d4 d6 4.
Nf3 dxe5 5. Nxe5 c6 6. Bc4 g6 7. O-O Bg7 8. Re1 O-O 9. h3 Nd7 10. Nf3 a5 11. a4 b6 12. c3 Bb7 13. Bg5 N7f6 14. Qc1 Rc8 15. Bh6 c5 16. Bxg7 Kxg7 17. Nbd2 cxd4 18. Nxd4 Nf4 19. Bf1 Re8 20. N2f3 N4d5 21.
Bb5 Rf8 22. Ne5 Qd6 23. Qg5 Kh8 24. Rad1 Qc5 25. Re2 Nc7 26. Nb3 Ne6 27. Nxc5 Nxg5 28.
Nxb7 Rc7 29. Nd8 Kg7 30. Ndc6 Nge4 31. Nf3 Nd6 32. Rxe7 Nxb5 33. axb5 Rxe7 34. Nxe7 Re8 35. Nc6 Re2 36. Rd2 Re6 37. Nfd4 Re1+ 38. Kh2 Rb1 39. b3 h5 40. c4 h4 41. Ne5 Ne4 42. Re2 Nc5 43. Re3 Rb2 44. Rf3 f6 45. Nd3 Nxd3 46. Rxd3 Rxf2 47. Nf3 g5 48. Rd6 Rb2 49. Rxb6 Rxb3 50.
Ra6 Rc3 51. Rxa5 Rxc4 52. Ra6 Rb4 53. Rb6 Kg6 54. Rb8 f5 55. b6 Kf6 56. b7 g4 57.
Rf8+ Ke7 58. b8=Q g3+ 59. Kh1 Rxb8 60. Rxb8 1-0

[Event "Early-Titled-Tuesday-Blitz-April-23-2024"]
[Site "Chess.com"]
[Date "2024.04.23"]
[Round "5"]
[White "margarita_2703"]
[Black "Lady_Nika"]
[Result "0-1"]
[WhiteElo "2293"]
[BlackElo "2460"]
[TimeControl "180+1"]
[EndTime "8:58:30 PDT"]
[Termination "Lady_Nika won on time"]

1. e4 c5 2. Nf3 Nc6 3. c3 e6 4. d4 cxd4 5. cxd4 d5 6. exd5 exd5 7.
Nc3 Nf6 8. h3 Be7 9. Bf4 a6 10.
a3 O-O 11. Bd3 Re8 12. O-O h6 13. b4 Bd6 14. Qd2 Qc7 15. Bxd6 Qxd6 16. Rfe1 Bd7 17. Bc2 Ne4 18. Bxe4 dxe4 19. Nxe4 Qg6 20. Ng3 h5 21. Rxe8+ Rxe8 22. d5 Ne5 23. Nxe5 Rxe5 24. Re1 Rxe1+ 25. Qxe1 h4 26. Qe7 Qb1+ 27. Nf1 Bb5 28. Qd8+ Kh7 29. Qxh4+ Kg6 30. Qg4+ Kf6 31. Qf4+ Ke7 32. Qc7+ Kf6 33. Qd6+ Kg5 34. f4+ Kf5 35. Qe5+ Kg6 36. f5+ Kh7 37. Qf4 Qd1 38. d6 Bxf1 39. Qxf1 Qxd6 40. Qf3 Qd4+ 41.
Kh2 Qe5+ 42. Kg1 Qd4+ 43. Kf1 b5 44. g4 Qa1+ 45. Kg2 Qb2+ 46. Kg3 Qe5+ 47. Kh4 Qe1+ 48. Kg5 Qd2+ 0-1

[Event "Early-Titled-Tuesday-Blitz-April-23-2024"]
[Site "Chess.com"]
[Date "2024.04.23"]
[Round "5"]
[White "Susal_De_Silva"]
[Black "viviania"]
[Result "1/2-1/2"]
[WhiteElo "2693"]
[BlackElo "2902"]
[TimeControl "180+1"]
[EndTime "8:58:31 PDT"]
[Termination "Game drawn by repetition"]

1. Nf3 c5 2. e4 Nc6 3. Bb5 e6 4.
O-O Nge7 5. Re1 a6 6. Bf1 d5 7.
exd5 Nxd5 8. d4 Nf6 9. dxc5 Qxd1 10.
Rxd1 Bxc5 11. Nc3 Bd7 12. a3 O-O 13. Bd3 Rfd8 14. Ne4 Be7 15. Bg5 Rac8 16. Nxf6+ Bxf6 17. Bxf6 gxf6 18. Rd2 Be8 19. Rad1 f5 20. Be2 Rxd2 21.
Rxd2 Kg7 22. c3 Kf6 23. Nd4 Rd8 24. Nb3 Rc8 25. Nd4 Na5 26. f4 Ba4 27. Kf2 Bb3 28.
Nf3 Bd5 29. Ne5 Nb3 30. Rd1 Ke7 31. Bf3 Bxf3 32. Rd7+ Ke8 33. Rxf7 Bd5 34. Rxh7 Rc5 35. h4 Nd2 36. h5 Ne4+ 37. Ke3 Nf6 38. Rh8+ Ke7 39.
h6 Bxg2 40. h7 Nxh7 41. Rxh7+ Ke8 42. Rh8+ Ke7 43. Rh7+ Ke8 44. c4 Ra5 45. Kd4 Be4 46. Kc3 b5 47. c5 Ra4 48. Kd2 Rd4+ 49. Ke3 Rd1 50. c6 Kd8 51. Rh8+ Kc7 52. Rh7+ Kc8 53. Rh8+ Kc7 54. Rh7+ Kc8 55. Rh8+ Kc7 1/2-1/2

[Event "Early-Titled-Tuesday-Blitz-April-23-2024"]
[Site "Chess.com"]
[Date "2024.04.23"]
[Round "5"]
[White "Fernando_Offermann"]
[Black "Hope_6"]
[Result "1-0"]
[WhiteElo "2466"]
[BlackElo "2662"]
[TimeControl "180+1"]
[EndTime "8:58:31 PDT"]
[Termination "Fernando_Offermann won by checkmate"]

1. Nf3 d5 2. g3 Bg4 3. Bg2 Nd7 4. d4 Ngf6 5. O-O e6 6. c4 c5 7. cxd5 exd5 8. Nc3 Be7 9. h3 Bh5 10. Bf4 O-O 11. Rc1 Rc8 12. g4 Bg6 13. Ne5 cxd4 14. Qxd4 Bc5 15. Qa4 d4 16. Nb5 Nxe5 17. Bxe5 a6 18. Nxd4 b5 19. Qd1 Qe7 20. Nf3 Rfd8 21. Qb3 Ne4 22. e3 Kh8 23. Rcd1 f6 24. Bd4 Bf7 25. Qd3 Bc4 26. Qb1 Bxf1 27. Rxf1 Bxd4 28. exd4 Re8 29. Re1 Nd2 30. Rxe7 Nxb1 31.
Ra7 Re6 32. d5 Rd6 33. Nd4 Nd2 34. Nf5 Rdd8 35. Rxa6 Nc4 36. b3 Ne5 37. Rb6 Rb8 38.
Re6 Nd3 39. Nd6 Nf4 40. Nf7+ Kg8 41. Nxd8 Rxd8 42. Rb6 Nxg2 43. Kxg2 Rxd5 44. a4 bxa4 45. bxa4 Ra5 46. Rb4 Kf7 47. Kg3 Ke6 48. h4 g6 49.
f4 h5 50. g5 fxg5 51. fxg5 Ra6 52. Kf4 Ra5 53. Ke4 Re5+ 54. Kd4 Ra5 55. Kc4 Ra6 56. Kb5 Ra8 57. a5 Kd6 58. Rc4 Rb8+ 59. Ka4 Kd5 60.
Rb4 Ra8 61. Rb6 Rg8 62. a6 Kc5 63. Ka5 Ra8 64. Rxg6 Rb8 65. a7 Rb1 66. Ka6 Ra1+ 67.
Kb7 Rb1+ 68. Kc8 Ra1 69. Rg7 Kc6 70. Kd8 Kb6 71. Ke8 Kc6 72. Kf8 Kd6 73. Kg8 Ke6 74. Kh7 Kf5 75. Kh6 Kg4 76. g6 Kxh4 77.
Rf7 Ra6 78. Kh7 Kg5 79. g7 Rh6+ 80. Kg8 Ra6 81. Kf8 Rg6 82. a8=Q h4 83. Qg2+ Kh5 84.
Qf3+ Kh6 85. Rf6 h3 86. Rxg6+ Kxg6 87. g8=Q+ Kh6 88. Qgg3 h2 89. Qf6+ Kh7 90. Qfh4# 1-0